 Dungeon Crawl Stone Soup version 0.28-a0-1147-gc7b72d3202 (webtiles) character file.

Game seed: 3516739223408248019

134 BinkBink the Cutter (level 5, 0/29 HPs)
             Began as a Gargoyle Monk on Dec 14, 2021.
             Was a Plaything of Xom.
             Slain by a goblin (2 damage)
             ... led by Robin
             ... on level 3 of the Dungeon.
             The game lasted 00:04:13 (3411 turns).

BinkBink the Cutter (Gargoyle Monk)                 Turns: 3411, Time: 00:04:14

Health: 0/29       AC:  6    Str: 12    XL:     5   Next: 17%
Magic:  3/5        EV: 13    Int:  9    God:    Xom [.*....]
Gold:   107        SH:  0    Dex: 16    Spells: 4/4 levels left

rFire   . . .      SeeInvis .   a - +0 short sword
rCold   . . .      Faith    .   (no shield)
rNeg    + . .      Spirit   .   b - +0 robe
rPois   ∞          Reflect  .   (no helmet)
rElec   +          Harm     .   (no cloak)
rCorr   .          Rampage  .   (no gloves)
Will    .....                   (no boots)
Stlth   ++........              (no amulet)
HPRegen 0.09/turn               (no ring)
MPRegen 0.09/turn               (no ring)

@: mighty, flying
A: sickness immunity, AC +4, negative energy resistance 1, electricity
resistance, torment resistance 1, petrification resistance, agile 1, dopey 1,
frail 1, weak 1
a: Renounce Religion


You were on level 3 of the Dungeon.
You worshipped Xom.
You were a plaything of Xom.
You visited 1 branch of the dungeon, and saw 3 of its levels.

You collected 107 gold pieces.

Inventory:

Hand Weapons
 a - a +0 short sword (weapon)
Armour
 b - a +0 robe (worn)
Scrolls
 c - 4 scrolls of identify {unknown}
 e - a scroll of silence {unknown}
 f - 2 scrolls of fog {unknown}
 h - a scroll of torment {unknown}
 j - a scroll of enchant weapon {unknown}


   Skills:
 + Level 4.1 Fighting
 + Level 4.1 Short Blades
 + Level 3.2 Dodging
 - Level 2.1 Stealth


You had 4 spell levels left.
You didn't know any spells.
Your spell library was empty.

Dungeon Overview and Level Annotations

Branches:
Dungeon (3/15)

Altars:
Xom


Innate Abilities, Weirdness & Mutations

You are immune to sickness and miasma.
Your stone body is resilient. (AC +4)
You are immune to poison.
You resist negative energy. (rN+)
You are resistant to electric shocks. (rElec)
You are resistant to unholy torment.
You are immune to petrification.
You are agile. (Dex +2)
You are dopey. (Int -2)
You are frail. (-10% HP)
You are weak. (Str -2)


Message History

It was a scroll of noise.
You hear a shout! x2; You hear an angry hiss.
You hear a shout!
The goblin hits you with a +3 club of chaos.
* * * LOW HITPOINT WARNING * * *
You feel very mighty all of a sudden.
Okay, then.
You closely miss the goblin.
The goblin is moderately wounded.
The goblin barely misses you.
You hit the goblin.
You kill the goblin!
Robin roars a battlecry!
The goblin goes into a battle-frenzy!
Unknown command.
You hit Robin.
Robin is heavily wounded.
You hear Xom's avuncular chuckle.
Robin evaporates and reforms as a jelly!
You are now a plaything of Xom.
Unknown command.
You puncture Robin!
Your hands burn!
* * * LOW HITPOINT WARNING * * *
Robin is severely wounded.
Robin barely misses you.
You puncture Robin!
You kill Robin!
Robin returns to their original shape as they die.
Your Short Blades skill increases to level 4!
You have reached level 5!
You hit the quokka.
You kill the quokka!
The goblin no longer looks unusually strong.
The goblin no longer looks unusually strong.
You hit the goblin.
The goblin is severely wounded.
The goblin misses you.
You puncture the goblin!
You kill the goblin!
You barely miss the goblin. The goblin hits you with a +0 dagger.
You die... ### #@# g #g# gg ##########g# gg#

#........#.# g#.#
#........#.# .....
#........#.#......
#.........)).g....
#........#########
#........#


You could see 2 goblins.

Vanquished Creatures
  A jelly (D:3)
  3 gnolls (D:2)
  An adder (D:2)
  A worm (D:2)
  A dart slug (D:2)
  2 orcs (D:2)
  An endoplasm (D:2)
  2 giant cockroaches
  9 goblins
  14 hobgoblins
  2 jackals (D:1)
  2 quokkas
  3 ball pythons
  2 bats
  2 frilled lizards
  2 kobolds
  6 rats
54 creatures vanquished.

Vanquished Creatures (collateral kills)
  An orc (D:2)
1 creature vanquished.

Vanquished Creatures (others)
  An orc wizard (D:2)
1 creature vanquished.

Grand Total: 56 creatures vanquished

Notes
Turn   | Place    | Note
-------+----------+-------------------------------------------
     0 | D:1      | BinkBink the Gargoyle Monk began the quest for the Orb.
     0 | D:1      | Reached XP level 1. HP: 14/14 MP: 1/1
   475 | D:1      | Reached XP level 2. HP: 12/19 MP: 2/2
   614 | D:1      | Found a faded altar of an unknown god.
   630 | D:1      | Prayed at the altar of an unknown god.
   630 | D:1      | Became a worshipper of Xom of Enforced Whimsey
  1035 | D:1      | XOM: divination: detect items
  1104 | D:1      | XOM: silly message
  1368 | D:1      | XOM: divination: detect items
  1433 | D:1      | XOM: silly message
  1586 | D:2      | XOM: enchant monster (good)
  1588 | D:2      | Reached XP level 3. HP: 17/24 MP: 3/3
  1629 | D:2      | XOM: give mutations
  1629 | D:2      | Gained mutation: You are weak. (Str -2) [Xom's mischief]
  1629 | D:2      | Lost mutation: You are weak. (Str -2) [Xom's mischief]
  1629 | D:2      | Gained mutation: You are dopey. (Int -2) [Xom's mischief]
  1629 | D:2      | Gained mutation: You are agile. (Dex +2) [Xom's mischief]
  2174 | D:2      | XOM: swap monsters
  2175 | D:2      | Reached XP level 4. HP: 16/29 MP: 4/4
  2181 | D:2      | XOM: 4-stop teleportation journey
  2213 | D:2      | XOM: repel stairs
  2795 | D:2      | XOM: silly message
  2839 | D:2      | XOM: silly message
  3002 | D:2      | XOM: silly message
  3098 | D:2      | XOM: give mutations
  3098 | D:2      | Gained mutation: You are frail. (-10% HP) [Xom's mischief]
  3098 | D:2      | Gained mutation: You are weak. (Str -2) [Xom's mischief]
  3266 | D:2      | XOM: torment (21/26 hp)
  3353 | D:3      | Noticed Robin
  3355 | D:3      | XOM: smoke on damage
  3378 | D:3      | XOM: blink monster(s)
  3398 | D:3      | XOM: chaos upgrade
  3404 | D:3      | Noticed Robin
  3404 | D:3      | Robin changed into Robin the jelly
  3404 | D:3      | XOM: polymorph Robin -> Robin the jelly
  3405 | D:3      | HP: 1/26 [acid (1)]
  3406 | D:3      | Killed Robin the jelly
  3407 | D:3      | Reached XP level 5. HP: 2/29 MP: 2/5
  3411 | D:3      | Slain by a goblin

Illustrated notes

Levels and vault maps discovered:
D:1:      dpeg_arrival_boxorama, layout_loops_corners,
          shapermc_ecumenical_altar_notcrosses, st_stairs_14
D:2:      layout_loops_corners
D:3:      minmay_chambers_of_threes, layout_basic, uniq_sigmund, uniq_robin

Skill      XL: |  1  2  3  4 |
---------------+-------------+-----
Short Blades   | 3 4 |  4.1
Dodging        | 3 |  3.2
Fighting       | 4 |  4.1
Stealth        | |  2.1

Action                   |  1- 3 |  4- 6 || total
-------------------------+-------+-------++-------
Melee: Short sword       |   146 |    95 ||   241
  Use: Potion            |       |     2 ||     2
       Scroll            |       |     1 ||     1
 Stab: Sleeping          |     3 |     2 ||     5
Armor: Robe              |    36 |    11 ||    47
Dodge: Dodged            |    95 |    41 ||   136

Table legend: (Time is in decaauts)
 A = Elapsed time spent in this place.
 B = Non-inter-level travel time spent in this place.
 C = Inter-level travel time spent in this place.
 D = Time resting spent in this place.
 E = Time spent auto-exploring this place.
 F = Levels seen in this place.
 G = Mean time per level.
                   A        B        C        D        E       F      G
               +--------+--------+--------+--------+--------+-----+--------+
         Total |   3395 |   3311 |     84 |      0 |   2798 |   3 | 1131.7 |
       Dungeon |   3395 |   3311 |     84 |      0 |   2798 |   3 | 1131.7 |
               +--------+--------+--------+--------+--------+-----+--------+

Top non-repeatable levels by time:
     D:1: 1744 daAuts
     D:2: 1559 daAuts
     D:3: 91 daAuts
